 Dungeon Crawl Stone Soup version 0.18-a0-1639-g7533f42 (webtiles) character file.

4264 4thArraOfDagon the Cleaver (level 10, 0/77 HPs)
             Began as a Human Fighter on Mar 27, 2016.
             Was an Elder of Cheibriados.
             Slain by a vampire (9 damage)
             ... on level 10 of the Dungeon.
             The game lasted 00:19:23 (3409 turns).

4thArraOfDagon the Cleaver (Human Fighter)          Turns: 3409, Time: 00:19:23

Health: 0/77       AC:  8    Str: 28    XL:     10   Next: 56%
Magic:  9/14       EV: 12    Int: 19    God:    Cheibriados [****..]
Gold:   340        SH: 14    Dex: 22    Spells: 1 memorised, 9 levels left

rFire  . . .     SeeInvis .     t - +3 hand axe (holy)
rCold  . . .     Gourm    .     b - +0 scale mail
rNeg   . . .     Faith    .     c - +0 shield
rPois  .         Spirit   .     I - +0 helmet
rElec  .         Dismiss  .     D - +0 cloak
rCorr  .         Reflect  +     g - +0 pair of gloves
SustAt +         Harm     .     (no boots)
MR     .....     Clarity  +     x - +3 amulet of reflection
Stlth  ++........               G - ring of sustain attributes
                                l - ring of stealth

@: very slow, not resistant to hostile enchantments, unstealthy
A: clarity, deformed body, weak 1
a: Bend Time, Temporal Distortion, Slouch, Renounce Religion


You were on level 10 of the Dungeon.
You worshipped Cheibriados.
Cheibriados was greatly pleased with you.
You were not hungry.

You visited 1 branch of the dungeon, and saw 10 of its levels.
You also visited: Ossuary.

You collected 365 gold pieces.
You spent 25 gold pieces at shops.

Inventory:

Hand Weapons
 a - a +0 war axe
 t - a +3 hand axe of holy wrath (weapon)
 C - a +0 battleaxe
Missiles
 s - 8 tomahawks of returning (quivered)
 N - 6 poisoned javelins
Armour
 b - a +0 scale mail (worn)
 c - a +0 shield (worn)
 g - a +0 pair of gloves (worn)
 D - a +0 cloak (worn)
 I - a +0 helmet (worn)
 P - a +1 chain mail of fire resistance
Jewellery
 l - a ring of stealth (left hand)
 x - a +3 amulet of reflection (around neck)
 G - a ring of sustain attributes (right hand)
 O - an uncursed amulet of rage
Wands
 v - a wand of acid (8/15)
 y - a wand of digging (18/24)
 L - a wand of digging (12/24)
 M - a wand of paralysis (11/24)
 Q - a wand of digging (14/24)
 R - a wand of flame (27/48)
Scrolls
 h - 3 scrolls of teleportation
 i - 2 scrolls of noise
 k - 5 scrolls of remove curse
 p - a scroll of recharging
 r - a scroll of fog
 B - a scroll of enchant weapon
 J - a scroll of immolation
Potions
 d - a potion of cancellation {unknown}
 e - 2 potions of brilliance {unknown}
 q - 2 potions of flight {unknown}
 u - 2 potions of cure mutation {unknown}
 w - 2 potions of might
 A - a potion of lignification {unknown}
 E - 3 potions of haste
 F - a potion of beneficial mutation {unknown}
 H - 4 potions of curing
 K - 2 potions of degeneration {unknown}
Comestibles
 f - 7 bread rations
 j - 2 beef jerkies
 m - 3 slices of pizza
 n - 2 royal jellies
 o - 3 meat rations
 z - 4 fruits


   Skills:
 + Level 6.6 Fighting
 * Level 8.6 Axes
 + Level 6.7 Armour
 + Level 4.7 Dodging
 - Level 3.0 Shields
 + Level 1.6 Spellcasting
 * Level 2.8 Charms
 * Level 2.6 Necromancy
 + Level 5.4 Invocations


You had 9 spell levels left.
You knew the following spells:

 Your Spells              Type           Power        Failure   Level  Hunger
a - Regeneration          Chrm/Necr      ##........   98%         3    ###....


Dungeon Overview and Level Annotations

Branches:
Dungeon (10/15)            Temple (0/1) D:7
   Lair: D:8-11         Orc: D:9-12

Altars:
Ashenzari
Cheibriados
Dithmenos
Elyvilon
Gozag
Kikubaaqudgha
Makhleb
Nemelex Xobeh
Pakellas
Ru
Xom
Yredelemnul

Shops:
D:4 [   D:5 !


Innate Abilities, Weirdness & Mutations

You possess an exceptional clarity of mind.
Armour fits poorly on your strangely shaped body.
You are weak. (Str -2)


Message History

Something hits you but does no damage. Something bites you.
Something draws strength from your injuries!
You miss something. Something barely misses you. x2
You barely miss something.
You hear some strange, mumbled words.
Something tries to affect you, but you resist.
You miss something.
Unholy energy fills the air.
You hit something but do no damage.
Unholy energy fills the air.
* * * LOW HITPOINT WARNING * * *
Unknown command.
You can feel time thicken for a moment.
You feel somewhat more hungry.
You can no longer step out of the time flow.
Cheibriados lowers the support of your attributes as your movement quickens.
Something hits you!
* * * LOW HITPOINT WARNING * * *
Something bites you but does no damage.
Unknown command.
Unknown command.
You fail to use your ability.
Something hits you!
You die...

####..................
#######..###############
................
............###
########.>#.# #....#.#.#
#.##.#.# # #{#.# #@#.#
#)#.# #)#.# #.#.# #.#
#.# #.# #.# #.#


There were no monsters in sight!

Vanquished Creatures
  An unseen horror (D:8)
  The ghost of Uhlv the Blocker, a novice MiFi (Ossuary)
  Sigmund (D:6)
  Eustachio (D:6)
  Edmund (D:6)
  An orc warrior (D:10)
  2 sky beasts
  An ice beast (D:6)
  A necrophage (D:9)
  A phantom (D:9)
  A wasp (D:9)
  3 ogres
  A crocodile (D:9)
  A big kobold (D:9)
  A giant frog (D:7)
  A scorpion (D:7)
  8 wights
  A killer bee (D:10)
  4 howler monkeys
  6 crimson imps
  5 hounds
  9 orc wizards
  2 orc priests (D:7)
  A giant frog skeleton (D:4)
  2 iguanas
  7 worker ants
  2 big kobold zombies (Ossuary)
  A hound skeleton (D:6)
  3 mummies (Ossuary)
  A worker ant zombie (D:6)
  7 adders
  A shadow imp (D:9)
  An ooze (D:7)
  2 adder skeletons (D:4)
  2 worms (D:3)
  A dart slug (D:2)
  2 giant geckos
  28 orcs
  A ball python (D:3)
  2 bats (D:1)
  4 giant cockroaches
  5 goblins
  8 hobgoblins
  3 jackals (D:3)
  6 quokkas
  4 giant newts
  3 goblin zombies (Ossuary)
  5 hobgoblin zombies (Ossuary)
  A jackal zombie (D:5)
  4 kobolds
  3 kobold zombies
  2 quokka zombies (Ossuary)
  5 rats
  4 rat zombies (Ossuary)
175 creatures vanquished.

Notes
Turn   | Place    | Note
--------------------------------------------------------------
     0 | D:1      | 4thArraOfDagon the Human Fighter began the quest for the Orb.
     0 | D:1      | Reached XP level 1. HP: 18/18 MP: 1/1
   150 | D:1      | Reached XP level 2. HP: 17/24 MP: 2/2
   281 | D:2      | Found a basalt altar of Yredelemnul.
   382 | D:3      | Reached XP level 3. HP: 21/29 MP: 3/3
   387 | D:3      | Found a snail-covered altar of Cheibriados.
   396 | D:3      | Became a worshipper of Cheibriados the Contemplative
   425 | D:3      | You fall through a shaft for 2 floors!
   425 | D:5      | Entered Level 5 of the Dungeon
   425 | D:5      | Found a shattered altar of Ashenzari.
   459 | D:5      | Reached skill level 3 in Axes
   459 | D:5      | Reached XP level 4. HP: 8/36 MP: 4/4
   516 | D:5      | Reached XP level 5. HP: 6/42 MP: 5/5
   681 | D:4      | Noticed an ogre
   682 | D:4      | Reached skill level 4 in Axes
   686 | D:4      | Killed an ogre
   686 | D:4      | Reached XP level 6. HP: 11/49 MP: 6/6
   729 | D:4      | Reached * piety under Cheibriados
   885 | D:4      | Reached skill level 1 in Dodging
   885 | D:4      | Reached skill level 1 in Invocations
   885 | D:4      | Reached XP level 7. HP: 24/55 MP: 7/7
   899 | D:2      | Found an oddly glowing altar of Pakellas.
   899 | D:2      | Found an ancient bone altar of Kikubaaqudgha.
   987 | D:3      | Found a sacrificial altar of Ru.
   991 | D:3      | Found a white marble altar of Elyvilon.
  1058 | D:3      | Found an oddly glowing altar of Pakellas.
  1062 | D:3      | Reached ** piety under Cheibriados
  1162 | D:4      | Found Icseckut's Armour Shop.
  1220 | D:5      | Reached skill level 5 in Axes
  1282 | D:5      | Found an opulent altar of Gozag.
  1390 | D:5      | Found a shimmering altar of Xom.
  1398 | D:5      | Found a burning altar of Makhleb.
  1436 | D:5      | Found Weostril's Distillery.
  1445 | D:5      | Bought a potion of mutation for 25 gold pieces
  1515 | D:6      | Reached XP level 8. HP: 39/61 MP: 6/9
  1604 | D:6      | Noticed Eustachio
  1619 | D:6      | Killed Eustachio
  1619 | D:6      | Reached skill level 5 in Fighting
  1619 | D:6      | Reached skill level 6 in Axes
  1642 | D:6      | Reached skill level 5 in Armour
  1694 | D:6      | Noticed Sigmund
  1716 | D:6      | Killed Sigmund
  1721 | D:6      | Noticed Edmund
  1735 | D:6      | Killed Edmund
  2024 | D:7      | Reached XP level 9. HP: 68/68 MP: 11/11
  2029 | D:7      | Reached *** piety under Cheibriados
  2072 | D:7      | Reached skill level 7 in Axes
  2240 | D:7      | Found a staircase to the Ecumenical Temple.
  2303 | D:7      | Found a sand-covered staircase.
  2314 | Ossuary  | Entered an ossuary
  2314 | Ossuary  | Noticed Uhlv's ghost (novice MiFi)
  2337 | Ossuary  | Killed Uhlv's ghost
  2337 | Ossuary  | Reached **** piety under Cheibriados
  2412 | Ossuary  | Gained mutation: You are weak. (Str -2) [potion of mutation]
  2412 | Ossuary  | Gained mutation: You possess an exceptional clarity of mind. [potion of mutation]
  2412 | Ossuary  | Gained mutation: Armour fits poorly on your strangely shaped body. [potion of mutation]
  2609 | D:8      | Found a shadowy altar of Dithmenos.
  2716 | D:8      | Reached skill level 8 in Axes
  2761 | D:8      | Learned a level 3 spell: Regeneration
  2806 | D:8      | Killed an unseen horror
  2806 | D:8      | Reached skill level 1 in Charms
  2806 | D:8      | Reached skill level 1 in Necromancy
  2806 | D:8      | Reached skill level 5 in Invocations
  2806 | D:8      | Reached XP level 10. HP: 61/77 MP: 13/13
  2972 | D:9      | Reached skill level 1 in Spellcasting
  3235 | D:9      | Found a sparkling altar of Nemelex Xobeh.
  3290 | D:9      | jacquesderrida: naice
  3294 | D:10     | Entered Level 10 of the Dungeon
  3391 | D:10     | Reached ***** piety under Cheibriados
  3409 | D:10     | Slain by a vampire

Vault maps used:
D:1:      lordsloth_arrival_two_stooges
D:2:      yredelemnul_altar_generic, overflow_temple_1_default,
          grunt_pakellas_sulfur
D:3:      grunt_temple_overflow_cloverleaf, cheibriados_altar_1,
          nicolae_overflow_crystal_walls
D:4:      serial_shops, shop
D:5:      grunt_temple_overflow_champion_of_chaos, grunt_gozag_statues,
          old_standard_altar, serial_shops, nicolae_shop_crystal, first_bread,
          grunt_ministairs_4
D:6:      minivault_26, minmay_misc_feat_hallway, sigmund_edmund_badplayer,
          uniq_eustachio
D:7:      minmay_temple_entry_statues_fountains, enter_ossuary_3, the_bakery,
          minivault_19
D:8:      nicolae_dithmenos_through_a_glass_darkly, kennysheep_cross_room
D:9:      kennysheep_mini
D:10:     david_lair_shrubbed
Ossuary:  ossuary_minmay_chase

Skill      XL: |  1  2  3  4  5  6  7  8  9 10 |
---------------+-------------------------------+-----
Axes           | 3 4 5 6 8 |  8.6
Fighting       | 4 5 6 |  6.6
Armour         | 4 5 6 |  6.7
Dodging        | 1 2 3 4 |  4.7
Invocations    | 1 2 3 5 |  5.4
Charms         | 1 2 |  2.8
Necromancy     | 1 2 |  2.6
Spellcasting   | 1 |  1.6
Shields        | |  3.0

Action                   |  1- 3 |  4- 6 |  7- 9 | 10-12 || total
-------------------------+-------+-------+-------+-------++-------
Melee: War axe           |    71 |    95 |       |       ||   166
       Hand axe          |       |    20 |   387 |   145 ||   552
Invok: Bend Time         |       |       |     3 |       ||     3
       Slouch            |       |       |       |     2 ||     2
Evoke: Wand              |       |       |     3 |     5 ||     8
  Use: Potion            |     1 |     3 |     4 |       ||     8
       Scroll            |       |       |    14 |       ||    14
 Stab: Sleeping          |       |       |     2 |       ||     2
       Paralysed         |       |       |       |     6 ||     6
  Eat: Chunk             |       |       |     5 |     1 ||     6
